TOP OF THE 1ST |
Greenville Spinners batting - Pitching for Anderson Rebels : RHP Carlos Ruiz
|
Pitching: RHP Carlos Ruiz
|
|
Batting: RHB Tony Russell
|
0-0: Ball 1-0: SINGLE (Line Drive, 9S, EV 99.4 MPH)
|
Batting: RHB Byron Peyton
|
0-0: Ball 1-0: Called Strike 1-1: SINGLE (Line Drive, 6D, EV 108.1 MPH) Tony Russell to second
|
Batting: RHB Bobby Miscik
|
0-0: Called Strike 0-1: Foul Ball, location: 2F 0-2: Foul Ball, location: 2F 0-2: Foul Ball, location: 2F 0-2: Ball 1-2: Grounds into double play, 5-4-3 (Groundball, 56, EV 84.4 MPH) Tony Russell to third
|
Batting: LHB John Edmonds
|
0-0: Ball 1-0: Ball 2-0: Ball 3-0: Base on Balls
|
Batting: SHB Thomas Colburn
|
0-0: Called Strike 0-1: Fly out, F9 (Flyball, 9D, EV 88.8 MPH)
|
Top of the 1st over - 0 runs, 2 hits, 0 errors, 2 left on base; Greenville 0 - Anderson 0 |
BOTTOM OF THE 1ST |
Anderson Rebels batting - Pitching for Greenville Spinners : RHP Tony Pedroza
|
Pitching: RHP Tony Pedroza
|
|
Batting: RHB Henry Cotto
|
0-0: SINGLE (Groundball, 25, EV 70.6 MPH) (infield hit)
|
Batting: RHB Mike Gallego
|
0-0: Foul Ball, location: 2F 0-1: Ball 1-1: Ball 2-1: Foul Ball, location: 2F 2-2: Fly out, F8 (Line Drive, 8RD, EV 90.6 MPH)
|
Batting: RHB Rick Schu
|
0-0: Called Strike 0-1: Ball 1-1: Fly out, F9 (Flyball, 9, EV 90.0 MPH)
|
Batting: RHB Mike Brewer
|
0-0: Ball 1-0: Ball Passed Ball! Henry Cotto to second 2-0: Called Strike 2-1: Swinging Strike 2-2: Strikes out swinging
|
Bottom of the 1st over - 0 runs, 1 hit, 0 errors, 1 left on base; Greenville 0 - Anderson 0 |
TOP OF THE 2ND |
Greenville Spinners batting - Pitching for Anderson Rebels : RHP Carlos Ruiz
|
Batting: RHB Glenn Robertson
|
0-0: Ball 1-0: Ball 2-0: Ball 3-0: Called Strike 3-1: Foul Ball, location: 2F 3-2: Fly out, F8 (Flyball, 8LXD, EV 88.1 MPH)
|
Batting: RHB Michael McEvilly
|
0-0: Ball 1-0: Ball 2-0: Ball 3-0: Called Strike 3-1: Swinging Strike 3-2: Base on Balls
|
Batting: RHB Darrell Woodard
|
0-0: Ball 1-0: Called Strike 1-1: Ball 2-1: Called Strike 2-2: Strikes out swinging
|
Batting: RHB Luis Salazar
|
0-0: Fly out, F5 (Line Drive, 5, EV 71.9 MPH)
|
Top of the 2nd over - 0 runs, 0 hits, 0 errors, 1 left on base; Greenville 0 - Anderson 0 |
BOTTOM OF THE 2ND |
Anderson Rebels batting - Pitching for Greenville Spinners : RHP Tony Pedroza
|
Batting: RHB Todd Demeter
|
0-0: Ball 1-0: Ball 2-0: Called Strike 2-1: Foul Ball, location: 2F 2-2: Foul Ball, location: 2F 2-2: Foul Ball, location: 2F 2-2: Ball 3-2: Base on Balls
|
Batting: RHB Bob Brower
|
0-0: Ball Wild Pitch! Todd Demeter to second 1-0: SINGLE (Line Drive, 7S, EV 90.0 MPH) Todd Demeter to third Runner from 3rd tries for Home, SAFE, throw by LF to home
|
Batting: LHB Dwight Lowry
|
0-0: Ball Bob Brower is caught stealing 2nd base 2-6 1-0: Called Strike 1-1: Ground out 1-3 (Groundball, 15S, EV 75.0 MPH)
|
Batting: RHB Jose Bernhardt
|
0-0: Ball 1-0: Ball 2-0: SINGLE (Groundball, 56D, EV 106.3 MPH)
|
Batting: RHB Hector Ordonez
|
0-0: Fly out, F3 (Popup, 3S, EV 79.4 MPH)
|
Bottom of the 2nd over - 1 run, 2 hits, 0 errors, 1 left on base; Greenville 0 - Anderson 1 |
TOP OF THE 3RD |
Greenville Spinners batting - Pitching for Anderson Rebels : RHP Carlos Ruiz
|
Batting: RHB Tony Russell
|
0-0: Called Strike 0-1: Ball 1-1: Ball 2-1: Ground out 6-3 (Groundball, 56, EV 102.5 MPH)
|
Batting: RHB Byron Peyton
|
0-0: Called Strike 0-1: Ball 1-1: Ball 2-1: Called Strike 2-2: Foul Ball, location: 2F 2-2: Ball 3-2: Strikes out swinging
|
Batting: RHB Bobby Miscik
|
0-0: Called Strike 0-1: SINGLE (Groundball, 6M, EV 106.9 MPH) (infield hit)
|
Batting: LHB John Edmonds
|
0-0: Ball 1-0: Ball 2-0: Swinging Strike 2-1: Foul Ball, location: 2F 2-2: Strikes out swinging
|
Top of the 3rd over - 0 runs, 1 hit, 0 errors, 1 left on base; Greenville 0 - Anderson 1 |
BOTTOM OF THE 3RD |
Anderson Rebels batting - Pitching for Greenville Spinners : RHP Tony Pedroza
|
Batting: RHB Henry Cotto
|
0-0: Ball 1-0: Fly out, F7 (Flyball, 7LM, EV 85.0 MPH)
|
Batting: RHB Mike Gallego
|
0-0: Called Strike 0-1: Swinging Strike 0-2: Strikes out looking
|
Batting: RHB Rick Schu
|
0-0: Ball 1-0: Called Strike 1-1: Ball 2-1: Ball 3-1: Called Strike 3-2: Base on Balls
|
Batting: RHB Mike Brewer
|
0-0: Ball 1-0: Foul Ball, location: 2F 1-1: Foul Ball, location: 2F 1-2: Hit by Pitch Rick Schu to second
|
Batting: RHB Todd Demeter
|
0-0: Ball 1-0: Called Strike Rick Schu is caught stealing 3rd base 2-5
|
Bottom of the 3rd over - 0 runs, 0 hits, 0 errors, 1 left on base; Greenville 0 - Anderson 1 |
TOP OF THE 4TH |
Greenville Spinners batting - Pitching for Anderson Rebels : RHP Carlos Ruiz
|
Batting: SHB Thomas Colburn
|
0-0: Ball 1-0: Foul Ball, location: 2F 1-1: Swinging Strike 1-2: Foul Ball, location: 2F 1-2: Ball 2-2: Strikes out looking
|
Batting: RHB Glenn Robertson
|
0-0: Called Strike 0-1: Foul Ball, location: 2F 0-2: Ball 1-2: Fly out, F8 (Line Drive, 8LD, EV 104.4 MPH)
|
Batting: RHB Michael McEvilly
|
0-0: Ball 1-0: Swinging Strike 1-1: Ground out U3 (Groundball, 34, EV 86.3 MPH)
|
Top of the 4th over - 0 runs, 0 hits, 0 errors, 0 left on base; Greenville 0 - Anderson 1 |
BOTTOM OF THE 4TH |
Anderson Rebels batting - Pitching for Greenville Spinners : RHP Tony Pedroza
|
Batting: RHB Todd Demeter
|
0-0: Ball 1-0: Foul Ball, location: 2F 1-1: Fly out, F8 (Flyball, 8RM, EV 78.8 MPH)
|
Batting: RHB Bob Brower
|
0-0: Ball 1-0: Ground out 6-3 (Groundball, 56D, EV 88.8 MPH)
|
Batting: LHB Dwight Lowry
|
0-0: Called Strike 0-1: Ball 1-1: Foul Ball, location: 2F 1-2: Ground out 1-3 (Groundball, 13, EV 70.6 MPH)
|
Bottom of the 4th over - 0 runs, 0 hits, 0 errors, 0 left on base; Greenville 0 - Anderson 1 |
TOP OF THE 5TH |
Greenville Spinners batting - Pitching for Anderson Rebels : RHP Carlos Ruiz
|
Batting: RHB Darrell Woodard
|
0-0: Called Strike 0-1: Ball 1-1: Ground out 5-3 (Groundball, 56S, EV 70.0 MPH)
|
Batting: RHB Luis Salazar
|
0-0: Foul Ball, location: 2F 0-1: Fly out, F7 (Line Drive, 7, EV 93.1 MPH)
|
Batting: RHB Tony Russell
|
0-0: Called Strike 0-1: Foul Ball, location: 2F 0-2: Ball 1-2: Ball 2-2: Foul Ball, location: 2F 2-2: Fly out, F3 (Line Drive, 3, EV 74.4 MPH)
|
Top of the 5th over - 0 runs, 0 hits, 0 errors, 0 left on base; Greenville 0 - Anderson 1 |
BOTTOM OF THE 5TH |
Anderson Rebels batting - Pitching for Greenville Spinners : RHP Tony Pedroza
|
Batting: RHB Jose Bernhardt
|
0-0: Ground out 5-3 (Groundball, 56, EV 82.5 MPH)
|
Batting: RHB Hector Ordonez
|
0-0: Ball 1-0: Fly out, F8 (Flyball, 8RD, EV 89.4 MPH)
|
Batting: RHB Henry Cotto
|
0-0: SINGLE (Line Drive, 7LS, EV 98.1 MPH)
|
Batting: RHB Mike Gallego
|
0-0: Ball 1-0: Ball 2-0: Called Strike 2-1: Swinging Strike 2-2: Foul Ball, location: 2F 2-2: Ball 3-2: Fly out, F7 (Flyball, 7S, EV 72.5 MPH)
|
Bottom of the 5th over - 0 runs, 1 hit, 0 errors, 1 left on base; Greenville 0 - Anderson 1 |
TOP OF THE 6TH |
Greenville Spinners batting - Pitching for Anderson Rebels : RHP Carlos Ruiz
|
Batting: RHB Byron Peyton
|
0-0: Called Strike 0-1: Ball 1-1: Foul Ball, location: 2F 1-2: Fly out, F9 (Flyball, 9, EV 79.4 MPH)
|
Batting: RHB Bobby Miscik
|
0-0: Ball 1-0: Called Strike 1-1: Fly out, F5 (Popup, 5F, EV 75.6 MPH)
|
Batting: LHB John Edmonds
|
0-0: Swinging Strike 0-1: Called Strike 0-2: Ball 1-2: Foul Ball, location: 2F 1-2: Strikes out swinging
|
Top of the 6th over - 0 runs, 0 hits, 0 errors, 0 left on base; Greenville 0 - Anderson 1 |
BOTTOM OF THE 6TH |
Anderson Rebels batting - Pitching for Greenville Spinners : RHP Tony Pedroza
|
Batting: RHB Rick Schu
|
0-0: Called Strike 0-1: Ground out 6-3 (Groundball, 6, EV 83.8 MPH)
|
Batting: RHB Mike Brewer
|
0-0: Swinging Strike 0-1: Foul Ball, location: 2F 0-2: Ball 1-2: Ball 2-2: Ball 3-2: Foul Ball, location: 2F 3-2: Ground out 5-3 (Groundball, 5, EV 86.9 MPH)
|
Batting: RHB Todd Demeter
|
0-0: SINGLE (Flyball, 4MD, EV 88.1 MPH)
|
Batting: RHB Bob Brower
|
0-0: Ball 1-0: Swinging Strike 1-1: Ball 2-1: Ball 3-1: SINGLE (Groundball, 56D, EV 98.1 MPH) Todd Demeter to second
|
Batting: LHB Dwight Lowry
|
0-0: Called Strike 0-1: Swinging Strike 0-2: Fly out, F8 (Flyball, 89XD, EV 103.8 MPH)
|
Bottom of the 6th over - 0 runs, 2 hits, 0 errors, 2 left on base; Greenville 0 - Anderson 1 |
TOP OF THE 7TH |
Greenville Spinners batting - Pitching for Anderson Rebels : RHP Carlos Ruiz
|
Batting: SHB Thomas Colburn
|
0-0: Ball 1-0: Ball 2-0: Ball 3-0: Base on Balls
|
Pinch Hitting: LHB Glen Moon
|
0-0: Foul Ball, location: 3F, Error on foul ball, E3 0-1: Fielders Choice at 2nd, 3-6 (Groundball, 3, EV 105.6 MPH)
|
Pinch Hitting: RHB Ronald Carapezzi
|
0-0: Ball 1-0: Ground out 4-3 (Groundball, 34, EV 82.5 MPH) Glen Moon to second
|
Pinch Hitting: RHB Richard Duran
|
0-0: Ball 1-0: Called Strike 1-1: Foul Ball, location: 2F 1-2: Ball Passed Ball! Glen Moon to third 2-2: Ground out 5-3 (Groundball, 56S, EV 87.5 MPH)
|
Top of the 7th over - 0 runs, 0 hits, 1 error, 1 left on base; Greenville 0 - Anderson 1 |
BOTTOM OF THE 7TH |
Anderson Rebels batting - Pitching for Greenville Spinners : RHP Tony Pedroza
|
Now at 1B: Richard Duran
|
|
Now at SS: Ronald Carapezzi
|
|
Now in LF: Tim Jordan
|
|
Batting: RHB Jose Bernhardt
|
0-0: Fly out, F6 (Popup, 6MD, EV 71.3 MPH)
|
Batting: RHB Hector Ordonez
|
0-0: Ball 1-0: Ball 2-0: Foul Ball, location: 2F 2-1: Foul Ball, location: 2F 2-2: Fly out, F7 (Flyball, 7S, EV 78.8 MPH)
|
Batting: RHB Henry Cotto
|
0-0: Ball 1-0: Ball 2-0: Foul Ball, location: 2F 2-1: Ball 3-1: Foul Ball, location: 2F 3-2: Base on Balls
|
Batting: RHB Mike Gallego
|
0-0: Ball 1-0: Ball 2-0: Ball 3-0: Called Strike 3-1: SINGLE (Flyball, 89S, EV 98.8 MPH) Henry Cotto to second Runner from 2nd tries for 3rd, SAFE, no throw by RF
|
Batting: RHB Rick Schu
|
0-0: Ball 1-0: Ball Pickoff Throw to First - Out! 1-3
|
Bottom of the 7th over - 0 runs, 1 hit, 0 errors, 1 left on base; Greenville 0 - Anderson 1 |
TOP OF THE 8TH |
Greenville Spinners batting - Pitching for Anderson Rebels : RHP Carlos Ruiz
|
Batting: RHB Luis Salazar
|
0-0: Called Strike 0-1: Ball 1-1: Foul Ball, location: 2F 1-2: Foul Ball, location: 2F 1-2: Ball 2-2: Strikes out swinging
|
Batting: RHB Tony Russell
|
0-0: Swinging Strike 0-1: Ball 1-1: Fly out, F7 (Flyball, 7LS, EV 91.9 MPH)
|
Batting: RHB Byron Peyton
|
0-0: Foul Ball, location: 2F 0-1: Fly out, F8 (Line Drive, 8LM, EV 86.9 MPH)
|
Top of the 8th over - 0 runs, 0 hits, 0 errors, 0 left on base; Greenville 0 - Anderson 1 |
BOTTOM OF THE 8TH |
Anderson Rebels batting - Pitching for Greenville Spinners : RHP Tony Pedroza
|
Batting: RHB Rick Schu
|
0-0: Called Strike 0-1: Ball 1-1: Fly out, F8 (Line Drive, 8RD, EV 97.5 MPH)
|
Batting: RHB Mike Brewer
|
0-0: Ball 1-0: Ball 2-0: SINGLE (Groundball, 6MD, EV 109.4 MPH)
|
Batting: RHB Todd Demeter
|
0-0: Ball Mike Brewer is caught stealing 2nd base 2-4 1-0: Ball 2-0: Ball 3-0: Base on Balls
|
Batting: RHB Bob Brower
|
0-0: Fielders Choice at 2nd, U6 (Groundball, 6M, EV 83.1 MPH)
|
Bottom of the 8th over - 0 runs, 1 hit, 0 errors, 1 left on base; Greenville 0 - Anderson 1 |
TOP OF THE 9TH |
Greenville Spinners batting - Pitching for Anderson Rebels : RHP Carlos Ruiz
|
Pitching: RHP Jose Roman
|
|
Batting: RHB Bobby Miscik
|
0-0: Fly out, F7 (Flyball, 7, EV 98.1 MPH)
|
Batting: LHB John Edmonds
|
0-0: Ball 1-0: Ball 2-0: Ball 3-0: Called Strike 3-1: Foul Ball, location: 2F 3-2: Foul Ball, location: 2F 3-2: Foul Ball, location: 2F 3-2: Fly out, F5 (Line Drive, 5, EV 68.8 MPH)
|
Batting: SHB Thomas Colburn
|
0-0: Foul Ball, location: 2F 0-1: Foul Ball, location: 2F 0-2: Ground out 6-3 (Groundball, 56S, EV 70.6 MPH)
|
Top of the 9th over - 0 runs, 0 hits, 0 errors, 0 left on base; Greenville 0 - Anderson 1 |
|